 Dungeon Crawl Stone Soup version 0.31-a0-692-gf03d1854d5 (webtiles) character file.

Game seed: 12760645043550102314

2254 Ordine the Grappler (level 9, -1/69 HPs)
             Began as a Merfolk Shapeshifter on Sept 6, 2023.
             Was a Follower of Wu Jian.
             Slain by a yak (10 damage)
             ... on level 7 of the Dungeon.
             The game lasted 00:19:31 (6842 turns).

Ordine the Grappler (Merfolk Shapeshifter)          Turns: 6842, Time: 00:19:32

Health: -1/69      AC:  7    Str: 19    XL:     9   Next: 37%
Magic:  9/9        EV: 18    Int: 15    God:    Wu Jian [*.....]
Gold:   257        SH:  0    Dex: 10    Spells: 8/8 levels left

rFire   . .          .
                       - Unarmed
rCold   . . .        (shield currently unavailable)
rNeg    . . .        A - +2 leather armour of Ignis, Transmuting {rElec Int+6 Dex-3 Slay+3}
rPois   +            (no helmet)
rElec   +            (no cloak)
rCorr   .            p - +0 pair of gloves
SInv    .            e - +0 pair of boots
Will    .....        (no amulet)
Stlth   +            l - ring of poison resistance
HPRegen 0.31/turn    r - +5 ring of evasion
MPRegen 0.11/turn

%: no passive effects
@: mighty, flux-form, glowing
A: glow, contaminating, (nimble swimmer 2), mertail
a: Begin Untransformation, Renounce Religion


You were on level 7 of the Dungeon.
You worshipped Wu Jian.
Wu Jian was aware of your devotion.
You were something dangerously unstable.
You visited 2 branches of the dungeon, and saw 9 of its levels.
You also visited: Sewer.

You collected 313 gold pieces.
You spent 56 gold pieces at shops.

Inventory:

Armour
 e - a +0 pair of boots (worn)
 p - a +0 pair of gloves (worn)
 A - the +2 leather armour of Ignis, Transmuting (worn) {rElec Int+6 Dex-3 Slay+3}
   (You found it on level 4 of the Dungeon)

   Int+6:     It affects your intelligence (+6).
   Dex-3:     It affects your dexterity (-3).
   Slay+3:    It affects your accuracy & damage with ranged weapons and melee
   (+3).
   rElec:     It insulates you from electricity.
Jewellery
 a - a ring of protection from fire
 l - a ring of poison resistance (left hand)
 r - a +5 ring of evasion (right hand)
 z - a ring of protection from cold
Talismans
 c - a beast talisman
 d - a flux talisman (active)
 f - a maw talisman
Wands
 y - a wand of mindburst (23)
 E - a wand of digging (7)
Scrolls
 g - 3 scrolls of vulnerability
 h - 4 scrolls of teleportation
 j - 2 scrolls of poison
 m - a scroll of silence {unknown}
 q - 5 scrolls of immolation
 t - a scroll of noise
 x - a scroll of torment {unknown}
Potions
 b - a potion of lignification
 n - 2 potions of haste {unknown}
 s - 3 potions of enlightenment {unknown}
 u - 3 potions of might
 v - 4 potions of curing {unknown}
 w - a potion of invisibility {unknown}
 B - 3 potions of attraction {unknown}
 C - 2 potions of berserk rage {unknown}
 D - 2 potions of heal wounds {unknown}
 G - a potion of mutation {unknown}


   Skills:
 + Level 6.1 Fighting
 + Level 0.9 Armour
 + Level 6.1 Dodging
 * Level 9.4 Unarmed Combat
 + Level 7.9 Shapeshifting


You had 8 spell levels left.
You didn't know any spells.
Your spell library contained the following spells:

 Spells                   Type           Power      Damage    Failure   Level
 Sublimation of Blood     Necr           0%         N/A       43%         2
 Wereblood                Tmut           0%         N/A       43%         2
 Summon Hydra             Summ           0%         N/A       100%        7


Dungeon Overview and Level Annotations

Branches:
Dungeon (8/15)             Temple (1/1) D:4           Sewer (visited)
   Lair: D:8-11

Altars:
Ashenzari
Cheibriados
Dithmenos
Elyvilon
Gozag
Hepliaklqana
Kikubaaqudgha
Makhleb
Nemelex Xobeh
Okawaru
Ru
Sif Muna
Trog
Uskayaw
Wu Jian
Xom
Yredelemnul
The Shining One

Shops:
D:2 :   D:6 *


Innate Abilities, Weirdness & Mutations

You are something dangerously unstable.
You glow with magical radiation, making you easy to see and hit.
Foes you strike become dangerously contaminated with magical radiation.
You are incapable of wielding weapons or throwing items.
((You are very nimble when in or above water. (Stealth+, EV+, Speed+++)))
Your lower body shifts to a powerful aquatic tail in water.


Message History

The yak is lightly wounded.
The yak stops glowing.
The yak completely misses you. The yak gores you!
You hit the yak.
The yak shudders as magic cascades through it!!
The yak twists and deforms.
The yak is almost dead.
The yak gores you! The yak barely misses you. The yak misses you.
You hit the yak.
The yak begins to glow.
The yak is almost dead.
The yak closely misses you. The yak barely misses you.
The yak closely misses you.
You punch the yak!
You kill the yak!
The Council accepts your kill. The yak gores you. The yak closely misses you.
Your Fighting skill increases to level 6!
Your Dodging skill increases to level 6!
You are too injured to fight recklessly!
You are too injured to fight recklessly!
You are too injured to fight recklessly!
You barely miss the yak.
The yak gores you but does no damage. x2
You hit the yak.
The yak begins to glow.
The yak is lightly wounded.
The yak closely misses you.
You hit the yak.
The yak glows dangerously bright.
The yak is moderately wounded.
The yak gores you!
* * * LOW HITPOINT WARNING * * *
You punch the yak!
The yak shudders as magic cascades through it!!
You kill the yak!
The Council accepts your kill. The yak gores you!
* * * LOW HITPOINT WARNING * * *
The yak gores you.
* * * LOW HITPOINT WARNING * * *
It was a potion of might.
You feel very mighty all of a sudden. The yak gores you!
You die...

##### #...##.#........#
#######.#....#........#
#.......#.####........#
#.#######....#........#
#.##########.#...†>...#
#....#....##.'.....####
####.#.##.##.#.....#
#...##.#####.####
######...BY..#
#########


You could see a yak.

Vanquished Creatures
  2 yaks (D:7)
  2 water moccasins
  2 sky beasts (D:7)
  Pargi (D:3)
  A black bear (D:5)
  An ice beast (D:4)
  A centaur (D:5)
  An ogre (D:4)
  A phantom (D:5)
  A bullfrog (D:7)
  2 scorpions (D:5)
  2 howler monkeys
  2 hounds (D:5)
  3 jellies
  4 sleepcaps
  3 orc priests
  A gnoll bouda (D:6)
  Terence (D:3)
  3 iguanas
  Natasha (thrice) (D:3)
  An orc wizard (D:5)
  5 gnolls (D:6)
  6 adders
  An ufetubus (D:7)
  4 worms
  A dart slug (D:3)
  17 orcs
  8 ball pythons
  6 bats
  8 endoplasms
  2 giant cockroaches
  4 goblins
  5 hobgoblins
  3 jackals
  4 kobolds
  2 quokkas
  7 frilled lizards
  6 rats
127 creatures vanquished.

Notes
Turn   | Place    | Note
-------+----------+-------------------------------------------
     0 | D:1      | Ordine the Merfolk Shapeshifter began the quest for the
                  | Orb.
     0 | D:1      | Reached XP level 1. HP: 15/15 MP: 1/1
   142 | D:1      | Reached XP level 2. HP: 12/21 MP: 2/2
   652 | D:1      | Reached XP level 3. HP: 27/27 MP: 3/3
  1025 | D:2      | Found Vitutz's Book Shop.
  1130 | D:2      | Reached skill level 4 in Unarmed Combat
  1311 | D:2      | Found a shimmering altar of Xom.
  1493 | D:2      | Reached XP level 4. HP: 31/33 MP: 4/4
  1642 | D:3      | Noticed Natasha
  1648 | D:3      | Killed Natasha
  1676 | D:3      | Noticed Natasha
  1682 | D:3      | Killed Natasha
  1817 | D:3      | Noticed Natasha
  1828 | D:3      | Killed Natasha
  1829 | D:3      | Reached XP level 5. HP: 37/39 MP: 5/5
  1900 | D:3      | Reached skill level 5 in Unarmed Combat
  1968 | D:3      | Found an ancient bone altar of Kikubaaqudgha.
  2023 | D:3      | Noticed Pargi
  2034 | D:3      | Killed Pargi
  2035 | D:3      | Reached skill level 5 in Shapeshifting
  2035 | D:3      | Reached XP level 6. HP: 24/47 MP: 6/6
  2187 | D:3      | Noticed Terence
  2200 | D:3      | Killed Terence
  2409 | D:3      | Found a broken altar of Ashenzari.
  2409 | D:3      | Found a shimmering altar of Xom.
  2475 | D:3      | Found a faded altar of an unknown god.
  2935 | D:4      | Reached skill level 6 in Unarmed Combat
  2935 | D:4      | Reached XP level 7. HP: 52/52 MP: 7/7
  2944 | D:4      | Found a staircase to the Ecumenical Temple.
  2951 | Temple   | Entered the Ecumenical Temple
  2957 | Temple   | Became a worshipper of the Wu Jian Council
  3429 | D:4      | Identified the +2 leather armour of Ignis, Transmuting
                  | {rElec Int+6 Dex-3 Slay+3}
  3647 | D:5      | Entered Level 5 of the Dungeon
  3783 | D:5      | Reached skill level 7 in Unarmed Combat
  3806 | D:5      | Reached XP level 8. HP: 54/61 MP: 8/8
  4147 | D:5      | Reached skill level 5 in Fighting
  4278 | D:5      | Reached skill level 8 in Unarmed Combat
  4560 | D:6      | Found Umaofikk's Fire Supplies.
  4628 | D:6      | Bought a scroll of immolation for 56 gold pieces
  4716 | D:6      | Reached skill level 5 in Dodging
  5017 | D:6      | Found a glowing drain.
  5031 | Sewer    | Entered a sewer
  5093 | Sewer    | Reached * piety under Wu Jian
  5937 | D:7      | Reached XP level 9. HP: 62/69 MP: 9/9
  6196 | D:7      | Reached skill level 9 in Unarmed Combat
  6842 | D:7      | Slain by a yak

Illustrated notes

Levels and vault maps discovered:
D:1:      nicolae_arrival_memento_mori, layout_loops_ring, minmay_tromino_v4_c
D:2:      layout_loops_ring, basic_altar, serial_shops, shop
D:3:      layout_loops_ring, kiku_gazebo_pond_becter,
          gammafunk_temple_overflow_pools, dilly_ecumenical_altar_fadedgnrine,
          uniq_terence, uniq_pargi, uniq_natasha
D:4:      layout_layer_cave, minmay_temple_entry_hall
D:5:      layout_loops_cross
D:6:      layout_loops_cross, cheibrodos_sewer_entry_bend,
          nicolae_shop_fire_sale [nicolae_sub_dead_trees]
D:7:      layout_basic
D:8:      layout_basic, chequers_temple_overflow_statue_of_worship,
          dpeg_lair_monsters, kennysheep_big_empty_room, uniq_maurice
Temple:   hellmonk_temple_two_chambers

Skill      XL: |  1  2  3  4  5  6  7  8  9 |
---------------+----------------------------+-----
Dodging        | 3 4 5 6 |  6.1
Unarmed Combat | 4 5 6 7 8 9 |  9.4
Fighting       | 2 3 4 5 6 |  6.1
Shapeshifting  | 5 6 7 |  7.9
Armour         | |  0.9

Action                     |  1- 3 |  4- 6 |  7- 9 || total
---------------------------+-------+-------+-------++-------
  Melee: Unarmed           |    78 |    97 |   203 ||   378
         Punch             |     3 |     4 |     7 ||    14
         Tailslap          |       |       |     2 ||     2
Ability: Begin Untransform |     2 |       |       ||     2
         Lunge             |       |       |    14 ||    14
    Use: Scroll            |       |       |     7 ||     7
         Potion            |       |       |     1 ||     1
   Stab: Sleeping          |     4 |       |       ||     4
         Distracted        |       |       |     1 ||     1
 Armour: Animal skin       |    22 |       |       ||    22
         Leather armour    |     8 |    32 |    70 ||   110
  Dodge: Dodged            |    48 |    57 |   132 ||   237
   Form: Beast             |     2 |       |       ||     2
         Flux              |       |       |     1 ||     1

Table legend: (Time is in decaauts)
 A = Elapsed time spent in this place.
 B = Non-inter-level travel time spent in this place.
 C = Inter-level travel time spent in this place.
 D = Time resting spent in this place.
 E = Time spent auto-exploring this place.
 F = Levels seen in this place.
 G = Mean time per level.
                   A        B        C        D        E       F      G
               +--------+--------+--------+--------+--------+-----+--------+
         Total |   6783 |   6086 |    697 |     45 |   5101 |  10 |  678.3 |
       Dungeon |   6599 |   5905 |    694 |     45 |   4956 |   8 |  824.9 |
        Temple |     10 |      7 |      3 |      0 |      0 |   1 |   10.0 |
         Sewer |    173 |    173 |      0 |      0 |    144 |   1 |  173.0 |
               +--------+--------+--------+--------+--------+-----+--------+

Top non-repeatable levels by time:
     D:3: 1135 daAuts
     D:6: 1119 daAuts
     D:4: 992 daAuts
     D:7: 922 daAuts
     D:1: 864 daAuts
     D:5: 833 daAuts
     D:2: 721 daAuts
   Sewer: 173 daAuts
  Temple: 10 daAuts
     D:8: 10 daAuts
